 Dungeon Crawl Stone Soup version 0.13-a0-2682-gb26bf1a (webtiles) character file.

230 M4edhros the Shooter (level 4, -4/27 HPs)
             Began as an Octopode Wanderer on Aug 13, 2013.
             Slain by an orc
             ... wielding a +1,+1 orcish morningstar
              (11 damage)
             ... on Level 3 of the Dungeon.
             The game lasted 00:02:11 (2095 turns).

M4edhros the Shooter (Octopode Wanderer)            Turns: 2095, Time: 00:02:11

HP  -4/27        AC  1     Str 12      XL: 4   Next: 84%
MP   7/7         EV 11     Int 10 (12) God:
Gold 124         SH  0     Dex 13      Spells:  0 memorised,  7 levels left

Res.Fire  : . . .   See Invis. : .     - Unarmed
Res.Cold  : . . .   Warding    : .   (no shield)
Life Prot.: . . .   Conserve   : .   (helmet restricted)
Res.Poison: .       Res.Corr.  : .   (no amulet)
Res.Elec. : .       Clarity    : .   (no ring)
Sust.Abil.: . .     Spirit.Shd : .   (no ring)
Res.Mut.  : .       Stasis     : .   (no ring)
Res.Rott. : .       Flight     : .   (no ring)
Saprovore : . . .                    (no ring)
                                     (no ring)
                                     (no ring)
                                     (no ring)

@: slightly resistant to hostile enchantments, stealthy
A: almost no armour, amphibious, 8 rings, constrict 8, camouflage 1, AC +1
a: no special abilities


You were on level 3 of the Dungeon.
You were not hungry.

You visited 1 branch of the dungeon, and saw 3 of its levels.

You collected 74 gold pieces.

Inventory:

Hand weapons
 b - a +0,+0 bow
Missiles
 c - 5 poisoned darts (quivered)
 d - 20 arrows
Comestibles
 f - a bread ration
Scrolls
 a - 3 scrolls of fear
 g - a scroll of enchant weapon I {unknown}
 h - a scroll of remove curse {unknown}
 i - a scroll of amnesia {unknown}
 k - a scroll of noise {unknown}
 m - a scroll of teleportation


   Skills:
 - Level 1.0 Fighting
 - Level 4.0 Bows
 - Level 1.3 Stealth
 + Level 2.4 Unarmed Combat
 - Level 2.0 Spellcasting
   Level 3.0 Air Magic
   Level 1.1 Evocations


You had 7 spell levels left.
You didn't know any spells.

Dungeon Overview and Level Annotations

Branches:
Dungeon (3/27)

Altars:

Annotations
D:3 Maxxillo's ghost, weakling CeHu


Innate Abilities, Weirdness & Mutations

You cannot wear most types of armour.
You are amphibious.
You can wear up to eight rings at the same time.
You can use your tentacles to constrict many enemies at once.
Your skin changes colour to match your surroundings (Stlth).
Your rubbery body absorbs attacks (AC +1).


Message History

An orc comes into view. It is wielding an orcish morningstar.
The orc shouts!
A quokka comes into view.
There are monsters nearby!
There are monsters nearby!
There are monsters nearby!
There are monsters nearby!
You feel sick.
You feel sick.
You feel better.
There is a stone staircase leading down here.
There is a stone staircase leading down here.
The orc barely misses you.
You barely miss the orc. Your grab misses the orc.
The orc hits you with an orcish morningstar.
* * * LOW HITPOINT WARNING * * *
You hit the orc. Your grab misses the orc.
The orc is moderately wounded.
The orc hits you with an orcish morningstar!
You die...

..####.###.######.#
..................#
###............#..#
...............#..#
g.............##..#
....#.....[#####).#
... #......# #..# .
....#...# ##>.#
.#####...# #.@.#
#.... #.o.# ......
#...# ..(.. ##..##
#...# #...# #...#
#####..##
#####...#..#


You could see an orc.

Vanquished Creatures
  A worker ant (D:3)
  3 adders
  A worm (D:3)
  A giant eyeball (D:3)
  An ooze (D:3)
  2 orcs (D:3)
  2 giant cockroaches
  6 hobgoblins
  2 jackals (D:2)
  7 kobolds
  5 bats
  A giant gecko (D:2)
  2 giant newts (D:1)
  2 goblins
  4 rats
40 creatures vanquished.

Notes
Turn   | Place    | Note
--------------------------------------------------------------
     0 | D:1      | M4edhros, the Octopode Wanderer, began the quest for the Orb.
     0 | D:1      | Reached XP level 1. HP: 12/12 MP: 2/2
   148 | D:1      | Reached XP level 2. HP: 4/18 MP: 4/4
   880 | D:2      | Reached XP level 3. HP: 22/22 MP: 5/5
  1385 | D:3      | Reached skill level 4 in Bows
  1658 | D:3      | Paralysed by a giant eyeball for 2 turns
  1675 | D:3      | Reached skill level 1 in Unarmed Combat
  1675 | D:3      | Reached XP level 4. HP: 27/27 MP: 7/7
  1751 | D:3      | Noticed Maxxillo's ghost (weakling CeHu)
  2095 | D:3      | Slain by an orc

Action                   |  1- 3 |  4- 6 || total
-------------------------+-------+-------++-------
Melee: Unarmed           |    87 |    25 ||   112
 Fire: Bow               |    18 |       ||    18
  Use: Potion            |     5 |       ||     5
 Stab: Sleeping          |     1 |     1 ||     2
